 Dungeon Crawl Stone Soup version 0.30-a0-605-gb2882149bf (webtiles) character file.

Game seed: 11194044595465098915

671 brightshaft the Slasher (level 7, -5/40 HPs)
             Began as a Tengu Gladiator on Jan 7, 2023.
             Was a Follower of Okawaru.
             Slain by a hornet (10 damage)
             ... while paralysed by a hornet
             ... on level 4 of the Dungeon.
             The game lasted 00:08:05 (3318 turns).

brightshaft the Slasher (Tengu Gladiator)           Turns: 3318, Time: 00:08:06

Health: -5/40      AC:  6    Str: 14    XL:     7   Next: 58%
Magic:  16/17      EV:  2    Int:  9    God:    Okawaru [*.....]
Gold:   379        SH:  0    Dex: 17    Spells: 6/6 levels left

rFire   . . .      SeeInvis .    j - +1 short sword (speed)
rCold   . . .      Faith    .    (no shield)
rNeg    . . .      Spirit   .    q - +0 ring mail
rPois   .          Reflect  .    c - +0 hat
rElec   .          Harm     .    (no cloak)
rCorr   .          Rampage  .    (no gloves)
Will    .....                    (boots unavailable)
Stlth   ++                       (no amulet)
HPRegen 0.26/turn                i - ring of magical power
MPRegen 0.15/turn                (no ring)

@: paralysed, lethally poisoned (-5 -> -12), heroic, flying quickly and
evasively, slowed, quick
A: beak, talons 3, nimble flight
a: Renounce Religion, Heroism


You were on level 4 of the Dungeon.
You worshipped Okawaru.
Okawaru was aware of your devotion.
You visited 1 branch of the dungeon, and saw 5 of its levels.

You collected 379 gold pieces.

Inventory:

Hand Weapons
 a - a +0 heavy long sword
 j - a +1 short sword of speed (weapon)
Missiles
 d - 2 throwing nets (quivered)
 e - a javelin
 n - 6 curare-tipped darts
 p - 6 boomerangs
Armour
 b - a +0 leather armour
 c - a +0 hat (worn)
 o - a +0 scale mail
 q - a +0 ring mail (worn)
Jewellery
 i - a ring of magical power (left hand)
Scrolls
 g - a scroll of brand weapon
 k - a scroll of identify {@r1}
 l - a scroll of amnesia
Potions
 f - 3 potions of lignification {unknown}
 h - a potion of mutation
 m - 2 potions of cancellation
 t - 2 potions of ambrosia {unknown}
 v - a potion of flight {unknown}


   Skills:
 + Level 2.8(7.8) Fighting
 * Level 3.0(10.7) Short Blades
 - Level 7.6(12.9) Long Blades
 - Level 2.0(7.0) Throwing
 + Level 1.9(6.9) Armour
 + Level 4.0(9.0) Dodging
 + Level 1.0 Invocations


You had 6 spell levels left.
You didn't know any spells.
Your spell library contained the following spells:

 Spells                   Type           Power      Damage    Failure   Level
 Kiss of Death            Conj/Necr      0%         2d5       58%         1
 Magic Dart               Conj           0%         1d3       58%         1
 Searing Ray              Conj           0%         2d4       75%         2
 Confusing Touch          Hex            0%         N/A       92%         3
 Dispel Undead            Necr           0%         3d6       100%        4
 Fulminant Prism          Conj/Hex       0%         3d5       100%        4
 Orb of Destruction       Conj           0%         9d5       100%        7
 Summon Guardian Golem    Hex/Summ       Unusable   N/A       N/A         3
 Spellforged Servitor     Conj/Summ      Unusable   N/A       N/A         7

Dungeon Overview and Level Annotations

Branches:
Dungeon (5/15)
 Temple: D:4-7

Altars:
Hepliaklqana
Okawaru


Innate Abilities, Weirdness & Mutations

You have a beak for a mouth.
You have claws for feet.
Your magical nature lets you fly swiftly and evasively.


Message History

You gain the combat prowess of a mighty hero.
The hornet completely misses you.
You puncture the hornet! You claw the hornet.
The hornet is moderately wounded.
The hornet stings you.
You are poisoned.
You suddenly lose the ability to move!
You feel sick. The hornet stings you!
You feel yourself slow down.
You can move again.
You miss the hornet. Your punch misses the hornet.
The hornet is moderately wounded.
You feel sick. The hornet closely misses you.
You hit the hornet. You claw the hornet.
The hornet is heavily wounded.
You feel sick.
You barely miss the hornet. You claw the hornet. You peck the hornet.
The hornet is heavily wounded.
You feel sick. The hornet barely misses you.
You closely miss the hornet. You claw the hornet.
You peck the hornet, but do no damage.
The hornet is severely wounded.
The hornet stings you but does no damage.
You hit the hornet but do no damage. You claw the hornet, but do no damage.
The hornet is severely wounded.
You feel yourself speed up.
You feel sick.
You hit the hornet. Your kick misses the hornet.
The hornet is severely wounded.
The hornet stings you!
* * * LOW HITPOINT WARNING * * *
You are lethally poisoned!
You suddenly lose the ability to move!
* * * LOW HITPOINT WARNING * * *
You feel very sick. The hornet stings you.
* * * LOW HITPOINT WARNING * * *
You feel yourself slow down.
* * * LOW HITPOINT WARNING * * *
You feel sick. The hornet stings you!
You die...

###.....#..# #####.#
#.#####..# #.....# #.# #..#
###.###.# #.# #..# #...#
#.# #.# #..# #.#.###.# #.#
#..# ##.#.....# #.# ##..#
##...#....###### #.#
##...###.....#.#.......
#.###.#...@.........#.#####
#....)#.##y#.....#.#.#.####
####............#.#.###....
#.##.##.###.###.###.####
##.#.............#.##
##...###########.## #####
###


You could see a hornet.

Vanquished Creatures
  Grinder (D:3)
  2 phantoms
  An orc priest (D:4)
  3 hounds (D:4)
  3 orc wizards
  An adder (D:2)
  5 gnolls
  A worm (D:2)
  2 dart slugs
  10 orcs
  2 bats
  5 endoplasms
  2 giant cockroaches (D:1)
  7 goblins
  4 hobgoblins
  8 jackals
  7 kobolds
  9 ball pythons
  3 frilled lizards
  3 rats
79 creatures vanquished.

Notes
Turn   | Place    | Note
-------+----------+-------------------------------------------
     0 | D:1      | brightshaft the Tengu Gladiator began the quest for the
                  | Orb.
     0 | D:1      | Reached XP level 1. HP: 12/12 MP: 2/2
    29 | D:1      | Reached XP level 2. HP: 16/17 MP: 3/3
    87 | D:1      | Found a faded altar of an unknown god.
   117 | D:1      | Reached skill level 4 in Long Blades
   347 | D:1      | Reached XP level 3. HP: 20/21 MP: 4/4
   642 | D:2      | Found an iron altar of Okawaru.
   653 | D:2      | Became a worshipper of Warmaster Okawaru
   736 | D:2      | Reached skill level 5 in Long Blades
  1088 | D:2      | Reached XP level 4. HP: 22/26 MP: 5/5
  1656 | D:3      | Reached skill level 6 in Long Blades
  1673 | D:3      | Noticed Grinder
  1692 | D:3      | HP: 1/26 [Grinder (3)]
  1699 | D:3      | Paralysed by Grinder for 4 turns
  1708 | D:3      | Killed Grinder
  1708 | D:3      | Reached * piety under Okawaru
  1709 | D:3      | Reached skill level 7 in Long Blades
  1709 | D:3      | Gained mutation: Your magical nature lets you fly swiftly
                  | and evasively. [Tengu growth]
  1709 | D:3      | Reached XP level 5. HP: 4/30 MP: 6/6
  1709 | D:3      | Reached XP level 6. HP: 5/35 MP: 7/7
  2008 | D:3      | Found a hazy altar of Hepliaklqana.
  2492 | D:4      | Reached skill level 1 in Short Blades
  2706 | D:4      | Reached skill level 1 in Armour
  2706 | D:4      | Reached XP level 7. HP: 39/40 MP: 8/8
  3200 | D:5      | Entered Level 5 of the Dungeon
  3236 | D:5      | Reached skill level 1 in Invocations
  3285 | D:5      | Noticed a hornet
  3309 | D:4      | Paralysed by a hornet for 1 turns
  3316 | D:4      | Paralysed by a hornet for 3 turns
  3318 | D:4      | Slain by a hornet

Illustrated notes

Levels and vault maps discovered:
D:1:      lightli_arrival_lavapool, layout_rooms,
          chequers_ecumenical_altar_lobes
D:2:      layout_loops_ring, basic_altar
D:3:      layout_loops_cross, amcnicky_altar_gilded, uniq_grinder
D:4:      layout_loops_ring
D:5:      layout_basic

Skill      XL: |  1  2  3  4  5  6  7 |
---------------+----------------------+-----
Long Blades    | 4 5 7 |  7.6
Short Blades   | 1 3 |  3.0
Armour         | 1 |  1.9
Dodging        | 4 |  4.0
Invocations    | 1 |  1.0
Fighting       | |  2.8
Throwing       | |  2.0

Action                   |  1- 3 |  4- 6 |  7- 9 || total
-------------------------+-------+-------+-------++-------
Melee: Long sword        |    22 |       |       ||    22
       Kick              |    16 |    33 |    29 ||    78
       Short sword       |    65 |   122 |    88 ||   275
       Peck              |     9 |    20 |    23 ||    52
       Punch             |     1 |     1 |     1 ||     3
Throw: Throwing net      |       |     2 |       ||     2
Invok: Heroism           |       |       |     2 ||     2
  Use: Scroll            |     3 |    11 |       ||    14
       Potion            |       |     2 |       ||     2
 Stab: Sleeping          |     1 |     1 |       ||     2
       Held in net/web   |       |     1 |       ||     1
Armor: Leather armour    |     5 |    11 |       ||    16
       Ring mail         |       |       |     6 ||     6
Dodge: Dodged            |    43 |    42 |    24 ||   109

Table legend: (Time is in decaauts)
 A = Elapsed time spent in this place.
 B = Non-inter-level travel time spent in this place.
 C = Inter-level travel time spent in this place.
 D = Time resting spent in this place.
 E = Time spent auto-exploring this place.
 F = Levels seen in this place.
 G = Mean time per level.
                   A        B        C        D        E       F      G
               +--------+--------+--------+--------+--------+-----+--------+
         Total |   3068 |   3003 |     65 |      0 |   2326 |   5 |  613.6 |
       Dungeon |   3068 |   3003 |     65 |      0 |   2326 |   5 |  613.6 |
               +--------+--------+--------+--------+--------+-----+--------+

Top non-repeatable levels by time:
     D:4: 889 daAuts
     D:3: 834 daAuts
     D:2: 751 daAuts
     D:1: 510 daAuts
     D:5: 82 daAuts
